Map: Tropical Sacrifice

Players

GogojOey - Winner!

  • Race: Zerg Zerg
  • Spawn Location: 1:00

HonMonO

  • Race: Terran Terran
  • Spawn Location: 7:00

Event: DreamHack SC2 Masters 2022 Atlanta (Online)

VOD

Have the link to the VOD?

Description

Time

  • Played on: Sept. 28, 2022, 8:04 a.m.
  • Length: 10:27

All games in this series

Show
View Real Time Build Order
Export as new Build Order

GogojOey Zerg - Winner!

Build Orders: Pool First 

Get SALT Encoding   

  12  0:00  Drone  
  13  0:12  Overlord  
  13  0:17  Drone  
  14  0:31  Drone x2  
  14  0:34  Drone  
  17  0:45  Drone, Extractor  
  17  0:50  Spawning Pool  
  17  0:56  Drone  
  17  1:06  Drone  
  18  1:19  Hatchery  
  18  1:23  Drone  
  18  1:29  Drone  
  19  1:38  Queen  
  21  1:42  Zergling x2  
  22  1:53  Roach Warren  
  21  1:55  Drone  
  22  2:03  Overlord  
  22  2:13  Overlord  
  22  2:21  Queen  
  24  2:34  Roach  
  24  2:35  Roach x2  
  30  2:42  Roach  
  32  2:47  Drone x2  
  34  2:53  Drone  
  34  2:56  Ravager  
  37  2:58  Ravager  
  37  3:00  Drone x2  
  37  3:02  Drone  
  40  3:07  Drone  
  41  3:13  Ravager  
  41  3:19  Overlord  
  42  3:20  Drone  
  42  3:21  Drone  
  44  3:39  Drone x7  
  51  3:50  Hatchery  
  51  3:53  Drone  
  51  3:58  Overlord  
  51  4:00  Drone  
  52  4:10  Metabolic Boost  
  52  4:16  Queen  
  54  4:17  Drone x5  
  54  4:18  Drone  
  54  4:20  Extractor  
  54  4:21  Extractor  
  54  4:24  Overlord  
  58  4:25  Drone  
  59  4:39  Lair  
  59  4:51  Drone x2, Evolution Chamber  
  60  4:53  Drone, Evolution Chamber  
  60  4:54  Drone x3  
  60  4:55  Zergling x4  
  60  4:56  Extractor  
  60  4:57  Zergling x2  
  65  5:02  Zergling x6  
  65  5:03  Zergling x2  
  65  5:04  Queen  
  71  5:07  Roach  
  71  5:09  Overlord  
  72  5:24  Overlord  
  72  5:26  Drone  
  72  5:28  Zerg Ground Armor Level 1, Zerg Missile Weapons Level 1  
  73  5:30  Drone x3  
  73  5:31  Drone x2  
  73  5:34  Drone  
  79  5:36  Queen  
  79  5:40  Glial Reconstitution  
  79  5:43  Drone x2  
  79  5:47  Overlord  
  79  5:48  Drone  
  82  5:53  Drone  
  82  5:57  Overlord  
  83  6:02  Overlord x3  
  82  6:09  Drone x2  
  82  6:10  Drone x2  
  82  6:11  Roach x2, Extractor  
  85  6:17  Overlord  
  89  6:25  Roach x5  
  98  6:33  Roach x4  
  98  6:38  Roach  
  98  6:39  Roach x2  
  108  6:41  Drone x2  
  108  6:42  Drone x2  
  108  6:45  Ravager  
  108  6:46  Ravager x2  
  115  6:47  Roach x2  
  115  6:51  Roach  
  121  6:57  Roach x3  
  121  7:00  Ravager  
  120  7:02  Roach  
  120  7:05  Overlord  
  121  7:09  Overlord x2  
  121  7:17  Overlord  
  121  7:22  Overlord  
  121  7:26  Roach  
  121  7:27  Roach x3  
  121  7:29  Overlord  
  129  7:32  Zerg Missile Weapons Level 2, Zerg Ground Armor Level 2  
  130  7:37  Drone x2  
  130  7:38  Roach  
  130  7:40  Ravager x2  
  130  7:42  Zergling x4  
  137  7:47  Hatchery  
  136  7:52  Drone  
  136  7:53  Drone x2  
  136  7:55  Spore Crawler x2  
  136  7:56  Spore Crawler  
  136  7:57  Roach x3  
  136  7:58  Roach  
  132  8:07  Roach x5  
  132  8:08  Overseer  
  132  8:10  Ravager  
  132  8:11  Ravager  
  140  8:14  Roach x3  
  146  8:22  Roach  
  146  8:23  Roach x3  
  134  8:39  Roach x9  
  131  8:42  Roach  
  131  8:47  Roach  
  135  8:54  Roach x3  
  139  8:59  Queen  
  139  9:01  Drone  
  139  9:02  Spore Crawler  
  141  9:04  Roach  
  141  9:05  Ravager x2  
  141  9:06  Roach  
  147  9:12  Roach  
  147  9:15  Roach x2, Hatchery  
  152  9:23  Roach x2  
  156  9:31  Overseer  
  156  9:33  Roach  
  156  9:34  Zergling x2, Roach  
  156  9:36  Overlord x2  
  161  9:51  Roach x5  
  155  10:02  Roach x11  
Show
View Real Time Build Order
Export as new Build Order

HonMonO Terran 

Build Orders: Command Center First (CC) 

Get SALT Encoding   

  12  0:00  SCV  
  13  0:12  SCV  
  14  0:17  Supply Depot  
  14  0:24  SCV  
  15  0:39  SCV  
  16  0:51  SCV  
  17  1:02  Command Center  
  17  1:05  SCV  
  18  1:17  SCV  
  19  1:19  Barracks  
  19  1:24  Refinery  
  19  1:29  SCV  
  20  1:41  SCV  
  20  1:42  Barracks  
  21  1:48  Refinery  
  21  1:53  SCV  
  22  2:08  Barracks Reactor, Orbital Command  
  22  2:15  Orbital Command  
  22  2:29  Barracks Tech Lab  
  22  2:36  Bunker, SCV  
  23  2:44  Marine  
  23  2:45  Factory, Marine  
  23  2:47  SCV  
  23  2:51  Marine  
  27  2:56  Stimpack  
  27  2:58  SCV  
  28  2:59  SCV  
  28  3:03  Marine  
  28  3:05  Marine  
  31  3:10  Supply Depot  
  31  3:11  SCV  
  31  3:12  Marine  
  33  3:15  SCV  
  34  3:23  SCV  
  34  3:24  Marine x2  
  37  3:29  Factory Reactor, Starport  
  38  3:36  Marine  
  38  3:41  Marine  
  38  3:47  Marine  
  40  3:52  Supply Depot  
  40  3:56  Marine  
  40  4:00  SCV  
  42  4:03  Marine  
  43  4:13  Medivac  
  43  4:14  Medivac  
  47  4:18  Factory Tech Lab  
  47  4:24  Orbital Command  
  47  4:26  Barracks  
  47  4:31  Marine x2  
  47  4:36  Marine  
  50  4:41  SCV  
  51  4:49  Marine  
  51  4:50  SCV  
  51  4:51  Marine  
  54  5:04  Supply Depot, SCV, Siege Tank  
  58  5:07  Combat Shield  
  58  5:09  SCV  
  58  5:11  Marine  
  60  5:15  Refinery  
  59  5:22  SCV  
  59  5:23  SCV  
  59  5:26  Starport Reactor  
  59  5:28  Marine  
  61  5:30  Marine x2  
  61  5:34  SCV  
  61  5:35  SCV  
  66  5:36  Siege Tank  
  66  5:40  Engineering Bay  
  66  5:42  Marine  
  69  5:48  Supply Depot  
  69  5:49  Supply Depot  
  70  6:01  Barracks  
  70  6:03  Barracks  
  70  6:09  Marine x4  
  70  6:10  SCV x2, Medivac  
  70  6:11  Medivac  
  80  6:15  Supply Depot  
  80  6:17  Terran Infantry Weapons Level 1  
  80  6:23  Siege Tank  
  83  6:25  Marine  
  83  6:28  SCV x2  
  83  6:32  Refinery  
  86  6:36  Marine x2  
  87  6:40  Supply Depot  
  87  6:41  Marine x2  
  87  6:43  Marine  
  90  6:48  Liberator  
  90  6:50  Barracks Reactor, Marine  
  93  6:54  Marine  
  93  6:55  Marine  
  94  7:02  Siege Tank, Marine  
  94  7:04  SCV x2  
  94  7:05  Supply Depot  
  94  7:08  Medivac  
  102  7:10  Supply Depot  
  102  7:22  Marine  
  102  7:23  Marine  
  102  7:25  Marine  
  102  7:26  Marine x5  
  107  7:34  Siege Tank  
  107  7:35  Supply Depot  
  110  7:37  Supply Depot  
  110  7:40  Marine  
  110  7:41  Marine  
  112  7:46  Missile Turret  
  112  7:47  Marine x2  
  112  7:48  Marine x3  
  117  7:55  Marine  
  117  7:58  Marine  
  115  7:59  Marine  
  115  8:05  Marine x2  
  110  8:06  Marine x2  
  110  8:08  Marine  
  113  8:19  Marine  
  114  8:21  Command Center  
  114  8:23  Marine  
  114  8:25  Marine  
  114  8:26  Marine  
  111  8:28  Marine x2  
  111  8:31  Marine  
  111  8:32  Marine  
  107  8:37  Marine  
  107  8:41  Marine  
  97  8:42  Marine  
  97  8:43  Marine  
  97  8:47  Marine  
  96  8:49  Marine  
  96  8:55  Barracks Tech Lab  
  88  8:56  Medivac x2  
  88  9:02  Marine x2  
  94  9:03  Marine  
  94  9:04  Marine  
  94  9:06  SCV x2  
  98  9:16  Marine x3  
  98  9:17  Marine  
  101  9:18  Siege Tank  
  101  9:19  SCV x2  
  107  9:28  Marine  
  107  9:30  Marine x2  
  110  9:33  SCV  
  110  9:35  Marauder x2  
  115  9:38  SCV  
  115  9:39  Marine  
  115  9:42  Marine  
  115  9:45  Marine  
  118  9:47  Marine  
  118  9:48  Marine x2  
  102  9:54  SCV  
  102  9:56  Marine x2  
  102  9:57  Marine  
  101  10:00  Marine  
  101  10:04  Marine x2  
  101  10:05  SCV  
  101  10:06  Marine  
  91  10:07  Marine  
  91  10:13  SCV x2  
Tags
 
Add a new tag
Caveats
  • Supply blocks, unpowered buildings, or Contaminate may cause inaccurate times.
  • Supply counts are checked every 10 seconds.